 Dungeon Crawl Stone Soup version 0.32-a0-913-g739538afd8 (webtiles) character file.

Game seed: 4754204138944306689

5898 Griffin23 the Cleaver (level 10, 0/91 (93) HPs)
             Began as a Minotaur Fighter on Apr 9, 2024.
             Was a High Priest of Uskayaw.
             Slain by a wight
             ... wielding a +4 scimitar
              (3 damage)
             ... on level 9 of the Dungeon.
             The game lasted 00:13:12 (7368 turns).

Griffin23 the Cleaver (Minotaur Fighter)            Turns: 7368, Time: 00:13:12

HP:   0/91 (93)     AC: 19    Str: 28    XL:     10   Next: 53%
MP:   9/9           EV: 11    Int:  5    God:    Uskayaw [*****.]
Gold: 546           SH:  5    Dex: 12    Spells: 9/9 levels left

rFire   . . .        a - +1 war axe
rCold   . . .        c - +0 buckler
rNeg    . . .        u - +0 plate armour
rPois   .            m - +1 hat
rElec   .            p - scarf {shadows}
rCorr   .            l - +2 pair of gloves
SInv    .            (no boots)
Will    .....        (no amulet) Stlth
                     s - ring of Oshryps {EV+5 Str+2 Dex+3 Stlth+}
HPRegen 0.35/turn    (no ring)
MPRegen 0.11/turn

%: no passive effects
@: lethally poisoned (0 -> -2), slowed, lightly drained, very slow
A: horns 2, retaliatory headbutt
a: Renounce Religion, Stomp, Line Pass, Grand Finale


You were on level 9 of the Dungeon.
You worshipped Uskayaw.
Uskayaw was noncommittal.
You visited 1 branch of the dungeon, and saw 9 of its levels.

You collected 546 gold pieces.

Inventory:

Hand Weapons
 a - a +1 war axe (weapon)
 z - a +0 battleaxe
Armour
 b - a +0 scale mail
 c - a +0 buckler (worn)
 l - a +2 pair of gloves (worn)
 m - a +1 hat (worn)
 o - a +0 cloak
 p - a scarf of shadows (worn)
 u - a +0 plate armour (worn)
Jewellery
 n - a ring of ice
 s - the ring of Oshryps (left hand) {EV+5 Str+2 Dex+3 Stlth+}
   (You found it on level 3 of the Dungeon)

   [ring of evasion]

   EV+5:      It affects your evasion (+5).
   Str+2:     It affects your strength (+2).
   Dex+3:     It affects your dexterity (+3).
   Stlth+:    It makes you more stealthy.
Wands
 B - a wand of mindburst (21)
 D - a wand of iceblast (3)
Scrolls
 f - a scroll of brand weapon
 g - 2 scrolls of revelation
 j - a scroll of vulnerability
 q - a scroll of teleportation
 r - a scroll of noise
 w - a scroll of silence
 x - 3 scrolls of immolation
 y - a scroll of torment
 F - a scroll of identify
Potions
 d - 2 potions of might
 e - 3 potions of curing
 h - 2 potions of attraction {unknown}
 i - a potion of invisibility {unknown}
 k - a potion of mutation {unknown}
 t - 4 potions of heal wounds
 v - a potion of lignification {unknown}
 A - 2 potions of magic {unknown}
 C - 2 potions of resistance {unknown}
 H - a potion of brilliance {unknown}


   Skills:
 + Level 10.1 Fighting
 * Level 13.2 Axes
 + Level 10.1 Armour
 - Level 5.0 Shields


You had 9 spell levels left.
You didn't know any spells.
Your spell library contained the following spells:

 Spells                   Type           Power      Damage    Failure   Level
 Blink                    Tloc           0%         N/A       100%        2
 Ensorcelled Hibernation  Hex/Ice        0%         N/A       100%        2
 Lesser Beckoning         Tloc           0%         N/A       100%        2
 Momentum Strike          Conj/Tloc      0%         3d8       100%        2
 Fugue of the Fallen      Necr           0%         N/A       100%        3
 Ozocubu's Armour         Ice            0%         N/A       100%        3
 Anguish                  Hex/Necr       0%         N/A       100%        4
 Animate Armour           Summ/Erth      0%         N/A       100%        4
 Summon Lightning Spire   Summ/Air       0%         N/A       100%        4
 Lee's Rapid Deconstruct  Erth           0%         3d4*      100%        5
 Manifold Assault         Tloc           0%         N/A       100%        7


Dungeon Overview and Level Annotations

Branches:
Dungeon (9/15)             Temple (0/1) D:5
   Lair: D:8-11         Orc: D:9-12

Altars:
Dithmenos
Elyvilon
Fedhas
Kikubaaqudgha
Okawaru
Ru
Uskayaw
Wu Jian
The Shining One

Annotations:
D:8 1 runed translucent door, Maurice; hattop's ghost, novice MDFi
D:9 Jeremiah


Innate Abilities, Weirdness & Mutations

You have a pair of horns on your head.
You reflexively headbutt those who attack you in melee.


Message History

You hear an angry buzzing noise.
You hear an angry hiss.
A killer bee comes into view.
The wight hits you but does no damage.
A killer bee comes into view.
The wight hits you but does no damage. The wight hits you with a +4 scimitar!
* * * LOW HITPOINT WARNING * * *
You feel drained. You block the wight's attack.
Okay, then.
As you read the scroll labelled JUBLAH SICIM, it crumbles to dust.
It is a scroll of enchant weapon.
Your +0 war axe glows red for a moment.
You feel sick.
The killer bee buzzes angrily.
The killer bee stings you.
* * * LOW HITPOINT WARNING * * *
The killer bee stings you but does no damage.
The killer bee stings you.
* * * LOW HITPOINT WARNING * * *
The killer bee stings you but does no damage.
The wight hits you with a +2 dagger.
* * * LOW HITPOINT WARNING * * *
The wight hits you with a +4 scimitar!
* * * LOW HITPOINT WARNING * * *
The wight barely misses you. You furiously retaliate!
You headbutt the wight.
The killer bee stings you but does no damage.
The killer bee stings you.
* * * LOW HITPOINT WARNING * * *
You block the killer bee's attack.
Unknown command.
This is a scroll of acquirement!
Something appears at your feet!
You feel sick. You block the killer bee's attack.
The killer bee stings you but does no damage.
You block the killer bee's attack. The killer bee closely misses you.
The killer bee stings you.
* * * LOW HITPOINT WARNING * * *
The killer bee stings you but does no damage.
The wight hits you but does no damage. The wight completely misses you.
The wight hits you with a +4 scimitar.
You die...
Your body falls in perfect tune with the rhythm.

........##
.........#
......... #
........# .#
.....Ozy#..#
.....yzy...#.
#...yz@y.....
######yz#.###
#..# #..#
#..# #..#
....


You could see a two-headed ogre, 6 killer bees and 4 wights.

Vanquished Creatures
  A two-headed ogre (D:9)
  Amaemon (D:9)
  Pikel (D:8)
  Grinder (D:4)
  Sigmund (D:6)
  5 yaks (D:6)
  3 vampire mosquitoes (D:7)
  Menkaure (D:6)
  A water moccasin (D:9)
  2 ice beasts
  An orc warrior (D:7)
  A black bear (D:7)
  2 sky beasts (D:7)
  2 lemures (D:8)
  Blork the orc (D:6)
  A bullfrog (D:7)
  A kobold brigand (D:6)
  A scorpion (D:5)
  A gnoll sergeant (D:8)
  9 wights (D:7)
  13 killer bees
  A jelly (D:5)
  An orc priest (D:6)
  4 hounds
  4 iguanas
  Natasha (twice) (D:2)
  3 orc wizards
  Robin (D:4)
  11 gnolls
  5 adders
  A shadow imp (D:5)
  2 white imps
  4 ufetubi
  4 dart slugs
  2 ribbon worms
  22 orcs
  7 ball pythons
  9 endoplasms
  5 giant cockroaches
  9 hobgoblins
  5 jackals
  2 quokkas
  7 bats
  4 frilled lizards
  16 goblins
  4 kobolds
  3 rats
188 creatures vanquished.

Notes
Turn   | Place    | Note
-------+----------+-------------------------------------------
     0 | D:1      | Griffin23 the Minotaur Fighter began the quest for the Orb.
     0 | D:1      | Reached XP level 1. HP: 19/19 MP: 0/0
   117 | D:1      | Reached XP level 2. HP: 25/27 MP: 1/1
   529 | D:1      | Reached skill level 3 in Axes
   659 | D:1      | Reached XP level 3. HP: 33/33 MP: 2/2
  1021 | D:2      | Noticed Natasha
  1029 | D:2      | Killed Natasha
  1298 | D:2      | Reached XP level 4. HP: 40/40 MP: 3/3
  1619 | D:2      | Noticed Natasha
  1625 | D:2      | Killed Natasha
  1626 | D:2      | Reached skill level 4 in Axes
  2158 | D:3      | Identified the ring of Oshryps {EV+5 Str+2 Dex+3 Stlth+}
  2391 | D:3      | Reached XP level 5. HP: 46/47 MP: 4/4
  2440 | D:3      | Found a white marble altar of Elyvilon.
  2670 | D:3      | Found a sacrificial altar of Ru.
  2891 | D:4      | Noticed Grinder
  2901 | D:4      | Paralysed by Grinder for 3 turns
  2907 | D:4      | Killed Grinder
  2908 | D:4      | Reached skill level 5 in Fighting
  2908 | D:4      | Reached skill level 5 in Axes
  2908 | D:4      | Reached skill level 5 in Armour
  2908 | D:4      | Reached skill level 5 in Shields
  2908 | D:4      | Reached XP level 6. HP: 17/56 MP: 5/5
  3121 | D:4      | Noticed Robin
  3128 | D:4      | Killed Robin
  3562 | D:4      | Found a blossoming altar of Fedhas.
  3573 | D:4      | Found an ornate altar of the Wu Jian Council.
  3747 | D:4      | Found a shadowy altar of Dithmenos.
  4053 | D:5      | Entered Level 5 of the Dungeon
  4057 | D:5      | Reached skill level 6 in Axes
  4074 | D:5      | Noticed an ice beast
  4080 | D:5      | Killed an ice beast
  4081 | D:5      | Reached XP level 7. HP: 62/62 MP: 6/6
  4269 | D:5      | Found a staircase to the Ecumenical Temple.
  4285 | D:5      | Reached skill level 7 in Axes
  4564 | D:5      | Found a hide-covered altar of Uskayaw.
  4601 | D:5      | Became a worshipper of Uskayaw the Reveller
  4808 | D:6      | Noticed a yak
  4808 | D:6      | Noticed a yak
  4809 | D:6      | Noticed a yak
  4809 | D:6      | Noticed a yak
  4810 | D:6      | Noticed a yak
  4811 | D:6      | Noticed Blork the orc
  4812 | D:6      | Reached * piety under Uskayaw
  4814 | D:6      | Reached ** piety under Uskayaw
  4815 | D:6      | Reached *** piety under Uskayaw
  4816 | D:6      | Killed a yak
  4817 | D:6      | Reached XP level 8. HP: 49/71 MP: 7/7
  4817 | D:6      | Reached **** piety under Uskayaw
  4819 | D:6      | Reached skill level 8 in Axes
  4820 | D:6      | Reached ***** piety under Uskayaw
  4821 | D:6      | Reached skill level 9 in Axes
  4829 | D:6      | Killed Blork the orc
  4960 | D:6      | Noticed Sigmund
  4961 | D:6      | Noticed Menkaure
  4965 | D:6      | Killed Menkaure
  4967 | D:6      | Killed Sigmund
  4968 | D:6      | Reached XP level 9. HP: 72/81 MP: 8/8
  5150 | D:6      | Reached skill level 10 in Axes
  5411 | D:6      | Found an iron altar of Okawaru.
  5936 | D:7      | Reached skill level 11 in Axes
  5996 | D:7      | Found an ancient bone altar of Kikubaaqudgha.
  6702 | D:7      | Reached skill level 12 in Axes
  6708 | D:7      | Reached XP level 10. HP: 74/91 MP: 9/9
  6853 | D:8      | Found a glowing golden altar of the Shining One.
  6920 | D:8      | Found a runed translucent door.
  6920 | D:8      | Noticed hattop's ghost (novice MDFi)
  6975 | D:8      | Noticed Pikel
  6980 | D:8      | Noticed a two-headed ogre
  6986 | D:8      | Killed Pikel
  6986 | D:8      | Noticed Maurice
  7000 | D:9      | Killed a two-headed ogre
  7347 | D:9      | Noticed Amaemon
  7353 | D:9      | Noticed an orange demon
  7357 | D:9      | Killed Amaemon
  7358 | D:9      | Reached skill level 10 in Fighting
  7358 | D:9      | Reached skill level 13 in Axes
  7358 | D:9      | Reached skill level 10 in Armour
  7358 | D:9      | Noticed Jeremiah
  7366 | D:9      | Noticed a two-headed ogre
  7368 | D:9      | Identified a scroll of acquirement
  7368 | D:9      | Acquired the +0 buckler "Mouhys" {Harm Regen+ MP+9 Int+3}
  7368 | D:9      | HP: 4/91 [poisoned by orange demon (concentrated venom)]
  7368 | D:9      | Slain by a wight

Illustrated notes

Levels and vault maps discovered:
D:1:      dpeg_arrival_arbitrary_a, layout_basic, nicolae_houndstooth_variations
D:2:      layout_basic, uniq_natasha
D:3:      layout_loops_corners, elyvilon_altar_5, mainiacjoe_overflow_alcove_2
D:4:      layout_basic, fedhas_altar_3, amcnicky_altar_gilded,
          nicolae_wu_jian_wuxing_cycle, uniq_grinder, uniq_robin
D:5:      layout_cave_pools, nicolae_uskayaw_suspiria,
          minmay_temple_entry_sparse_star, minmay_misc_feat_columns
D:6:      layout_loops_ring, okawaru_gym_becter, nicolae_nh_ransacked_shop,
          uniq_sigmund, uniq_menkaure, uniq_blork_the_orc
D:7:      layout_cave_pools, mainiacjoe_overflow_24_doors, minmay_misc_feat_x,
          patterned_corridor
D:8:      layout_loops_ring, mainiacjoe_overflow_catwalk, lemuel_tele_altar,
          hellmonk_ghost_big_iron, uniq_maurice, uniq_psyche, uniq_pikel
D:9:      layout_rooms, mainiacjoe_overflow_paths,
          nicolae_ea-nasir_strikes_again, grunt_ministairs_6, uniq_amaemon,
          uniq_maggie, uniq_jeremiah

Skill      XL: |  1  2  3  4  5  6  7  8  9 10 |
---------------+-------------------------------+-----
Shields        | 4 5 |  5.0
Axes           | 3 4 5 6 7 9 12 13 | 13.2
Fighting       | 4 5 6 7 9 10 | 10.1
Armour         | 4 5 6 7 9 10 | 10.1

Action                     |  1- 3 |  4- 6 |  7- 9 | 10-12 || total
---------------------------+-------+-------+-------+-------++-------
  Melee: War axe           |    58 |    96 |   204 |    38 ||   396
         Headbutt          |     8 |    14 |    29 |     9 ||    60
  Evoke: Wand              |       |       |     2 |     8 ||    10
    Use: Potion            |     1 |       |       |       ||     1
         Scroll            |       |    10 |     1 |     4 ||    15
   Stab: Paralysed         |       |       |    15 |     6 ||    21
 Armour: Scale mail        |    57 |    21 |       |       ||    78
         Plate armour      |       |    26 |   147 |    56 ||   229
  Dodge: Dodged            |    33 |    52 |   117 |    29 ||   231
  Block: Buckler           |    13 |    28 |    46 |    17 ||   104

Table legend: (Time is in decaauts)
 A = Elapsed time spent in this place.
 B = Non-inter-level travel time spent in this place.
 C = Inter-level travel time spent in this place.
 D = Time resting spent in this place.
 E = Time spent auto-exploring this place.
 F = Levels seen in this place.
 G = Mean time per level.
                   A        B        C        D        E       F      G
               +--------+--------+--------+--------+--------+-----+--------+
         Total |   7432 |   6992 |    440 |    646 |   5200 |   9 |  825.8 |
       Dungeon |   7432 |   6992 |    440 |    646 |   5200 |   9 |  825.8 |
               +--------+--------+--------+--------+--------+-----+--------+

Top non-repeatable levels by time:
     D:4: 1170 daAuts
     D:2: 1064 daAuts
     D:7: 1013 daAuts
     D:6: 958 daAuts
     D:1: 954 daAuts
     D:3: 911 daAuts
     D:5: 748 daAuts
     D:9: 373 daAuts
     D:8: 238 daAuts
